 Dungeon Crawl Stone Soup version 0.23-a0-33-g1e3a2e4 (webtiles) character file.

62 riellis the Insei (level 3, 0/25 HPs)
             Began as a Demigod Transmuter on Aug 5, 2018.
             Slain by Robin
             ... wielding a +0 trident
              (2 damage)
             ... on level 3 of the Dungeon.
             The game lasted 00:04:09 (2157 turns).

riellis the Insei (Demigod Transmuter)              Turns: 2157, Time: 00:04:09

Health: 0/25       AC:  2    Str: 13    XL:     3   Next: 60%
Magic:  8/8        EV: 13    Int: 17    God:
Gold:   93         SH:  0    Dex: 16    Spells: 5/6 levels left

rFire    . . .     SeeInvis .     - Unarmed
rCold    . . .     Gourm    .   (no shield)
rNeg     . . .     Faith    .   b - +0 robe
rPois    .         Spirit   .   (helmet restricted)
rElec    .         Reflect  .   (no cloak)
rCorr    .         Harm     .   (no gloves)
MR       .....                  (boots currently unavailable)
Stlth    +.........             (no amulet)
HPRegen  0.08/turn              (no ring)
MPRegen  0.11/turn              (no ring)

@: appendage (expiring)
A: horns 1, talons 3, frail 1, high mp 1, weak 1
a: End Transformation


You were on level 3 of the Dungeon.
You were not hungry.
You had grown temporary talons.
You visited 1 branch of the dungeon, and saw 3 of its levels.

You collected 93 gold pieces.

Inventory:

Missiles
 a - 22 arrows
Armour
 b - a +0 robe (worn)
Wands
 j - a wand of flame (24)
Scrolls
 c - a scroll of fear {unknown}
 e - a scroll of amnesia {unknown}
 f - a scroll of enchant armour {unknown}
 i - 2 scrolls of remove curse {unknown}
 m - a scroll of teleportation {unknown}
Potions
 g - a potion of curing
 k - a potion of brilliance {unknown}
Comestibles
 d - 5 rations
 h - 7 chunks of flesh


   Skills:
 + Level 1.5 Fighting
 + Level 2.2 Dodging
 * Level 3.3 Unarmed Combat
 + Level 2.1 Spellcasting
 + Level 2.3 Transmutations


You had 5 spell levels left.
You knew the following spells:

 Your Spells              Type           Power        Failure   Level  Hunger
a - Beastly Appendage     Tmut           #.....       8%          1    #......

Your spell library contained the following spells:

 Spells                   Type           Power        Failure   Level  Hunger
 Spider Form              Tmut/Pois      #.........   34%         3    ###....
 Blade Hands              Tmut           #.........   91%         5    ######.
 Ice Form                 Ice/Tmut       #.......     75%         4    #####..
 Sticks to Snakes         Tmut           #.......     12%         2    ###....


Dungeon Overview and Level Annotations

Branches:
Dungeon (3/15)

Annotations:
D:3 Robin, Sigmund


Innate Abilities, Weirdness & Mutations

You have an increased reservoir of magic. (+10% MP)
You have a pair of small horns on your head.
You have claws for feet.
You are frail. (-10% HP)
You are weak. (Str -2)


Message History

You are too injured to fight recklessly!
You hit Robin. You claw Robin. You headbutt Robin, but do no damage.
Robin is heavily wounded.
You hit Robin but do no damage. You claw Robin, but do no damage.
Your headbutt misses Robin.
Robin is heavily wounded.
Robin misses you.
You hit Robin but do no damage.
Robin is heavily wounded.
Your transformation is almost over.
Robin hits you with a trident!
* * * LOW HITPOINT WARNING * * *
The giant cockroach waves its antennae.
You hit Robin but do no damage. You headbutt Robin, but do no damage.
Robin is heavily wounded.
Robin closely misses you.
You hit Robin. Your kick misses Robin. Your headbutt misses Robin.
Robin is severely wounded.
Robin hits you with a trident.
You die...

#####............#
#.......)>.......#
#.......<........#
#......)))......##
#######.).##...##
#..####### ####
##.## #..## #..#
#.@.######.#
#g#.....##.####
#b#####.......# #J
#####...# #s #####
#. .. ..


You could see a jelly, Robin, a giant cockroach and a bat.

Vanquished Creatures
  An ooze (D:2)
  A worm (D:2)
  A dart slug (D:1)
  A leopard gecko (D:1)
  3 bats
  9 goblins
  7 hobgoblins
  6 jackals (D:2)
  6 kobolds
  A quokka (D:2)
  3 frilled lizards
  5 rats
44 creatures vanquished.

Notes
Turn   | Place    | Note
-------+----------+-------------------------------------------
     0 | D:1      | riellis the Demigod Transmuter began the quest for the Orb.
     0 | D:1      | Reached XP level 1. HP: 15/15 MP: 5/5
    23 | D:1      | Reached skill level 1 in Fighting
   280 | D:1      | Reached XP level 2. HP: 23/23 MP: 5/7
   406 | D:1      | Reached skill level 3 in Unarmed Combat
  1411 | D:2      | Reached XP level 3. HP: 26/28 MP: 8/8
  1713 | D:3      | Noticed Sigmund
  1759 | D:2      | Gained mutation: You are weak. (Str -2) [potion of mutation]
  1759 | D:2      | Gained mutation: You are frail. (-10% HP) [potion of mutation]
  1759 | D:2      | Gained mutation: You have a pair of small horns on your head. [potion of mutation]
  2146 | D:3      | Noticed Robin
  2157 | D:3      | Slain by Robin

Vault maps used:
D:1:      lightli_arrival_maybe_door_vault, serial_bayou, serial_bayou_lagoon_a,
          serial_bayou_ford_a, serial_bayou_lagoon_b, serial_bayou_pond_d,
          hangedman_feature_mirror
D:2:      first_ration
D:3:      old_standard_altar, marbit_many_paths, uniq_crazy_yiuf_cottage,
          uniq_sigmund, uniq_robin

Skill      XL: |  1  2 |
---------------+-------+-----
Fighting       | 1 |  1.5
Transmutations | 2 |  2.3
Dodging        | 2 |  2.2
Unarmed Combat | 3 |  3.3
Spellcasting   | 2 |  2.1

Action                   || total
-------------------------++-------
Melee: Unarmed           ||   134
       Kick              ||    16
       Headbutt          ||    14
 Cast: Beastly Appendage ||    18
  Use: Potion            ||     3
 Stab: Sleeping          ||     1
       Distracted        ||     1
  Eat: Chunk             ||     4
Armor: Robe              ||    33
Dodge: Dodged            ||   158

Table legend:
 A = Spawn XP
 B = Non-spawn XP
 C = Spawn XP percentage of total XP
 D = Spawn monster count
 E = Non-spawn monster count
 F = Spawn count percentage of total count
 G = Total turns spent on level
                    A         B        C        D         E        F      G
               +---------+---------+-------+---------+---------+-------+---------
         Total |       0 |      89 |   0.0 |       0 |      44 |   0.0 |  2157
               +---------+---------+-------+---------+---------+-------+---------
           D:1 |       0 |      34 |   0.0 |       0 |      17 |   0.0 |  1133
           D:2 |       0 |      41 |   0.0 |       0 |      20 |   0.0 |   816
           D:3 |       0 |      14 |   0.0 |       0 |       7 |   0.0 |   208
               +---------+---------+-------+---------+---------+-------+---------
